 Dungeon Crawl Stone Soup version 0.31-a0-618-g7ca08c1ff9 (webtiles) character file.

Game seed: 15668311276077383669

192 Aj7335 the Insei (level 5, 0/60 HPs)
             Began as a Demigod Shapeshifter on Aug 22, 2023.
             Succumbed to a water moccasin's poison
             ... on level 5 of the Dungeon.
             The game lasted 00:07:21 (2759 turns).

Aj7335 the Insei (Demigod Shapeshifter)             Turns: 2759, Time: 00:07:22

Health: 0/60       AC: 22    Str: 16    XL:     5   Next: 19%
Magic:  7/7        EV:  2    Int: 10    God:
Gold:   173        SH:  8    Dex: 18    Spells: 4/4 levels left

rFire   . .          .
                       - Unarmed
rCold   . . .        u - +0 kite shield
rNeg    . . .        n - melded +0 ring mail of the Abyss {rC+}
rPois   +            (helmet currently unavailable)
rElec   .            (cloak currently unavailable)
rCorr   .            (gloves currently unavailable)
SInv    .            (boots currently unavailable)
Will    .....        i - amulet of regeneration
Stlth   ++           (no ring)
HPRegen 1.10/turn    (no ring)
MPRegen 0.10/turn

%: no passive effects
@: lethally poisoned (0 -> -13), tree-form
A: stationary, stasis, torment immunity, boosted hp, high MP 1, forlorn, divine
attributes
a: no special abilities


You were on level 5 of the Dungeon.
You were a tree.
You visited 1 branch of the dungeon, and saw 5 of its levels.

You collected 173 gold pieces.

Inventory:

Armour
 a - a +0 animal skin
 e - a +0 leather armour
 f - an orb of mayhem
 h - a +0 ring mail
 m - a +0 helmet
 n - the +0 ring mail of the Abyss (melded) {rC+}
   (You found it on level 3 of the Dungeon)

   rC+:       It protects you from cold.
 t - a +0 pair of gloves
 u - a +0 kite shield (worn)
Jewellery
 i - an amulet of regeneration (around neck)
Talismans
 c - a beast talisman
 d - a flux talisman
Wands
 k - a wand of mindburst (15)
 p - a wand of iceblast (7)
Scrolls
 g - 3 scrolls of identify
 j - a scroll of revelation
 l - a scroll of teleportation
 o - a scroll of enchant armour {unknown}
 q - a scroll of enchant weapon {unknown}
 r - a scroll of torment {unknown}
 s - a scroll of noise {unknown}
 v - a scroll of brand weapon {unknown}
Potions
 b - 2 potions of lignification


   Skills:
 + Level 1.1 Fighting
 + Level 1.6 Armour
 + Level 2.4 Dodging
 + Level 0.3 Stealth
 + Level 4.1 Unarmed Combat
 + Level 3.4 Shapeshifting


You had 4 spell levels left.
You didn't know any spells.
Your spell library contained the following spells:

 Spells                   Type           Power      Damage    Failure   Level
 Summon Small Mammal      Summ           0%         N/A       78%         1
 Blink                    Tloc           0%         N/A       89%         2
 Call Canine Familiar     Summ           0%         N/A       98%         3
 Portal Projectile        Hex/Tloc       0%         N/A       98%         3
 Summon Guardian Golem    Hex/Summ       0%         N/A       98%         3


Dungeon Overview and Level Annotations

Branches:
Dungeon (5/15)             Temple (0/1) D:4

Portals:
Sewer: D:5


Innate Abilities, Weirdness & Mutations

You are a tree.
Your roots penetrate the ground, keeping you stationary.
You cannot be teleported.
You are immune to unholy pain and torment.
Your maximum health is greatly increased.
Your equipment is partially melded.
You have an increased reservoir of magic. (+10% MP)
You shall have no god before yourself.
Your divine heritage dramatically boosts your attributes as you level up.


Message History

You closely miss the water moccasin.
The water moccasin is heavily wounded.
You block the water moccasin's attack. You block the giant cockroach's attack.
The water moccasin barely misses you.
There are monsters nearby!
You closely miss the water moccasin.
The water moccasin is heavily wounded.
The giant cockroach waves its antennae.
You block the giant cockroach's attack. The water moccasin bites you.
You are poisoned.
The water moccasin poisons you! The giant cockroach bites you.
There are monsters nearby!
There are monsters nearby!
You hit the water moccasin.
The water moccasin is heavily wounded.
You feel very sick. The water moccasin bites you.
You block the giant cockroach's attack. The water moccasin bites you.
* * * LOW HITPOINT WARNING * * *
You are lethally poisoned!
The water moccasin poisons you!
You are too injured to fight recklessly!
There is a lethal amount of poison in your body!
You are too injured to fight recklessly!
Your transformation has ended.
You turn into a tree.
The +0 ring mail of the Abyss {rC+} melds into your body.
Your roots penetrate the ground.
* * * LOW HITPOINT WARNING * * *
You feel extremely sick. The water moccasin bites you.
* * * LOW HITPOINT WARNING * * *
The giant cockroach bites you but does no damage.
You block the water moccasin's attack.
You are too injured to fight recklessly!
You are too injured to fight recklessly!
There is a lethal amount of poison in your body!
You hit the water moccasin.
The water moccasin is severely wounded.
You die...

....... .#
....... .#
.~~~... .#
~~~~~..##.#
~~∩~~.....###
~~~~~.......###
.~~~..B.......##
......†♣S......!
.......#.##.#.###
......##.<.......
###.## ######.##.
#


You could see a water moccasin and a giant cockroach.

Vanquished Creatures
  A hound (D:4)
  2 orc priests (D:3)
  An iguana (D:4)
  An adder (D:3)
  An ufetubus (D:4)
  4 worms
  A dart slug (D:4)
  2 orcs
  4 endoplasms
  4 giant cockroaches
  7 goblins
  6 hobgoblins
  2 quokkas
  5 ball pythons
  2 bats (D:1)
  3 frilled lizards
  6 kobolds
  2 rats
54 creatures vanquished.

Notes
Turn   | Place    | Note
-------+----------+-------------------------------------------
     0 | D:1      | Aj7335 the Demigod Shapeshifter began the quest for the
                  | Orb.
     0 | D:1      | Reached XP level 1. HP: 15/15 MP: 3/3
    53 | D:1      | Got the Enchiridion on the Geodesic
   286 | D:1      | Reached XP level 2. HP: 18/22 MP: 4/4
   436 | D:1      | Reached skill level 1 in Fighting
   558 | D:1      | Reached skill level 3 in Unarmed Combat
   860 | D:2      | You fall into a shaft and drop 1 floor!
   879 | D:3      | Reached XP level 3. HP: 28/28 MP: 5/5
  1080 | D:3      | Reached XP level 4. HP: 9/35 MP: 6/6
  1267 | D:3      | Reached skill level 1 in Armour
  1402 | D:3      | Identified the +0 ring mail of the Abyss {rC+}
  2014 | D:4      | Found a staircase to the Ecumenical Temple.
  2098 | D:4      | Reached skill level 4 in Unarmed Combat
  2237 | D:4      | Reached XP level 5. HP: 39/40 MP: 7/7
  2742 | D:5      | Entered Level 5 of the Dungeon
  2742 | D:5      | Found a glowing drain.
  2743 | D:5      | Noticed a water moccasin
  2759 | D:5      | Succumbed to a water moccasin's poison

Illustrated notes

Levels and vault maps discovered:
D:1:      roderic_octagonal_star, layout_basic
D:2:      layout_basic, basic_altar
D:3:      layout_loops_ring, mainiacjoe_overflow_alcove_2,
          hellmonk_ecumenical_altar_lost_god, serial_park_tiny_pond
D:4:      layout_basic, minmay_temple_entry_mist
D:5:      layout_loops_ring, mainiacjoe_overflow_boulevard,
          portal_sewer_entry_a, serial_shops, nicolae_shop_mannequins, shop,
          nicolae_shop_tiny_real_fake_doors, nicolae_shop_trees,
          hangedman_abyss_or_decor_stagger, corexii_corridor_pit,
          grunt_decor_one_mirror

Skill      XL: |  1  2  3  4 |
---------------+-------------+-----
Shapeshifting  | 3 |  3.4
Fighting       | 1 |  1.1
Unarmed Combat | 3 4 |  4.1
Dodging        | 2 |  2.4
Armour         | 1 |  1.6
Stealth        | |  0.3

Action                     |  1- 3 |  4- 6 || total
---------------------------+-------+-------++-------
  Melee: Unarmed           |   103 |    70 ||   173
         Punch             |     1 |       ||     1
    Use: Scroll            |       |     2 ||     2
         Potion            |       |     1 ||     1
   Stab: Sleeping          |     1 |       ||     1
 Armour: Ring mail         |    12 |    20 ||    32
         Leather armour    |     4 |       ||     4
         Skin              |       |     1 ||     1
  Dodge: Dodged            |    45 |    26 ||    71
  Block: Kite shield       |       |    15 ||    15

Table legend: (Time is in decaauts)
 A = Elapsed time spent in this place.
 B = Non-inter-level travel time spent in this place.
 C = Inter-level travel time spent in this place.
 D = Time resting spent in this place.
 E = Time spent auto-exploring this place.
 F = Levels seen in this place.
 G = Mean time per level.
                   A        B        C        D        E       F      G
               +--------+--------+--------+--------+--------+-----+--------+
         Total |   2753 |   2543 |    210 |    346 |   1711 |   5 |  550.6 |
       Dungeon |   2753 |   2543 |    210 |    346 |   1711 |   5 |  550.6 |
               +--------+--------+--------+--------+--------+-----+--------+

Top non-repeatable levels by time:
     D:4: 972 daAuts
     D:3: 906 daAuts
     D:1: 783 daAuts
     D:2: 72 daAuts
     D:5: 18 daAuts
